Map: 시뮬레이크럼 - 래더

Players

HolyHit

  • Race: Protoss Protoss
  • Spawn Location: 11:00

RagnaroK (SHIN) - Winner!

  • Race: Zerg Zerg
  • Spawn Location: 5:00

Event: IEM Katowice 2020

VOD

Have the link to the VOD?

Description

Time

  • Played on: Feb. 25, 2020, 8:55 a.m.
  • Length: 8:45

All games in this series

Show
View Real Time Build Order
Export as new Build Order

HolyHit Protoss 

Build Orders: 1 Gate Expand, Zealot Archon, Archon Drop, Dark Templar Rush 

Get SALT Encoding   

  12  0:00  Probe  
  13  0:13  Probe  
  14  0:18  Pylon  
  14  0:25  Probe  
  15  0:37  Probe (Chrono Boost)  
  15  0:39  Gateway  
  16  0:46  Probe (Chrono Boost)  
  16  0:48  Assimilator  
  17  0:51  Probe (Chrono Boost)  
  18  1:03  Probe  
  19  1:15  Probe  
  20  1:26  Nexus  
  20  1:35  Cybernetics Core  
  20  1:39  Probe  
  21  1:46  Assimilator  
  21  1:51  Probe  
  21  1:53  Pylon  
  22  2:03  Probe  
  23  2:09  Adept (Chrono Boost)  
  23  2:15  Probe  
  26  2:18  Twilight Council  
  26  2:27  Probe (Chrono Boost)  
  26  2:29  Adept (Chrono Boost)  
  29  2:38  Probe (Chrono Boost)  
  29  2:42  Warp Gate  
  31  2:45  Probe (Chrono Boost)  
  31  2:49  Probe (Chrono Boost), Robotics Facility  
  32  2:58  Stalker  
  34  2:59  Probe  
  34  3:00  Probe  
  36  3:11  Probe  
  36  3:12  Probe  
  38  3:23  Probe  
  38  3:24  Probe  
  38  3:26  Gateway  
  40  3:30  Dark Shrine  
  40  3:36  Probe  
  40  3:40  Probe  
  42  3:43  Gateway  
  42  3:44  Gateway  
  42  3:47  Warp Prism (Chrono Boost)  
  42  3:52  Probe  
  42  3:55  Probe  
  46  3:58  Pylon  
  46  4:03  Assimilator  
  46  4:06  Assimilator  
  46  4:12  Pylon  
  46  4:16  Probe x2  
  48  4:27  Pylon  
  48  4:28  Probe x2  
  48  4:30  Adept  
  48  4:31  Adept  
  54  4:41  Probe x2  
  56  4:50  Dark Templar x2  
  56  4:51  Dark Templar x2  
  64  4:53  Probe  
  64  4:58  Pylon  
  65  5:10  Immortal (Chrono Boost)  
  67  5:17  Nexus  
  65  5:25  Archon  
  65  5:32  Archon  
  65  5:33  Dark Templar x2  
  65  5:34  Probe  
  70  5:35  Probe  
  70  5:38  Charge (Chrono Boost)  
  70  5:39  Shield Battery  
  71  5:47  Probe  
  71  5:48  Probe  
  71  5:49  Gateway  
  73  5:57  Immortal (Chrono Boost)  
  77  6:04  Probe  
  77  6:05  Gateway  
  77  6:08  Gateway, Pylon  
  78  6:24  Gateway  
  78  6:26  Probe (Chrono Boost)  
  78  6:27  Pylon, Sentry  
  78  6:28  Probe (Chrono Boost), Sentry x2  
  78  6:29  Sentry, Observer (Chrono Boost)  
  78  6:31  Probe (Chrono Boost)  
  90  6:38  Probe (Chrono Boost)  
  92  6:41  Probe (Chrono Boost)  
  92  6:42  Probe (Chrono Boost)  
  92  6:44  Probe (Chrono Boost)  
  92  6:45  Archon  
  94  6:49  Zealot  
  94  6:50  Probe  
  94  6:51  Probe  
  98  6:54  Pylon  
  98  6:56  Pylon  
  98  6:57  Zealot x3  
  104  7:02  Probe  
  104  7:03  Probe  
  106  7:09  Dark Templar  
  106  7:11  Forge  
  106  7:13  Pylon  
  106  7:14  Dark Templar  
  110  7:16  Dark Templar  
  110  7:19  Sentry x2  
  110  7:21  Archon  
  116  7:27  Shield Battery  
  116  7:30  Shield Battery  
  114  7:39  Zealot x3  
  120  7:46  Stalker x4  
  125  7:52  Pylon  
  125  7:53  Pylon  
  125  7:55  Probe  
  122  7:59  Stalker x3  
  122  8:01  Pylon  
  118  8:05  Probe  
  109  8:17  Stalker x3  
  109  8:18  Probe  
  109  8:19  Probe x2  
  67  8:36  Stalker x3  
Show
View Real Time Build Order
Export as new Build Order

RagnaroK Zerg - Winner!

Build Orders: Hatch First 

Get SALT Encoding   

  12  0:00  Drone  
  13  0:15  Overlord  
  13  0:17  Drone  
  14  0:34  Drone x2  
  16  0:48  Hatchery  
  15  0:51  Drone  
  15  0:55  Drone  
  17  1:00  Drone  
  18  1:09  Extractor  
  17  1:15  Spawning Pool  
  17  1:17  Drone  
  17  1:21  Drone  
  18  1:33  Drone  
  19  1:42  Drone  
  20  1:58  Drone  
  21  2:02  Zergling x2, Queen x2  
  21  2:03  Zergling x2  
  27  2:13  Overlord  
  27  2:15  Drone  
  28  2:23  Metabolic Boost  
  28  2:32  Drone x3  
  31  2:39  Hatchery  
  30  2:44  Drone  
  30  2:48  Queen  
  33  2:53  Zergling x2  
  33  2:54  Zergling x2  
  33  2:58  Overlord  
  35  3:03  Drone  
  36  3:17  Drone x6  
  42  3:24  Queen  
  42  3:25  Overlord  
  44  3:32  Spore Crawler  
  43  3:44  Drone x6  
  43  3:46  Lair  
  49  3:53  Drone, Roach Warren  
  49  3:55  Drone  
  50  3:58  Drone  
  50  4:01  Extractor x2  
  49  4:03  Drone  
  49  4:04  Drone x2  
  49  4:09  Overlord  
  52  4:14  Drone  
  53  4:18  Overlord  
  53  4:22  Drone x2  
  53  4:23  Drone x2  
  57  4:26  Overlord  
  57  4:27  Extractor  
  56  4:33  Roach x3  
  56  4:35  Roach  
  64  4:41  Roach x2  
  64  4:42  Roach  
  64  4:43  Overseer  
  70  4:51  Roach  
  70  4:52  Overlord  
  72  5:03  Roach x5  
  82  5:10  Overlord  
  81  5:14  Drone  
  81  5:15  Drone x5  
  81  5:17  Glial Reconstitution  
  87  5:22  Drone x2  
  87  5:23  Drone  
  87  5:24  Overseer  
  90  5:34  Drone  
  91  5:35  Drone  
  91  5:36  Spire  
  90  5:43  Drone x5  
  90  5:46  Overlord  
  95  5:53  Roach  
  95  5:54  Overlord  
  95  5:56  Drone  
  97  6:03  Overlord  
  97  6:06  Zergling x6, Extractor  
  97  6:07  Extractor, Drone x4  
  102  6:12  Drone x4  
  102  6:16  Overlord  
  106  6:30  Overlord  
  106  6:31  Drone  
  107  6:37  Hatchery  
  105  6:42  Overlord  
  105  6:45  Drone  
  106  6:47  Mutalisk  
  106  6:48  Mutalisk x7  
  106  6:49  Overseer  
  122  6:59  Drone x2, Evolution Chamber, Baneling Nest  
  122  7:06  Zergling x14, Roach  
  122  7:08  Ravager x4  
  134  7:11  Ravager  
  134  7:14  Zergling x2, Roach  
  134  7:15  Zergling x4  
  141  7:22  Overlord  
  141  7:23  Roach  
  141  7:25  Ravager, Overlord  
  141  7:27  Roach  
  146  7:32  Overlord  
  146  7:42  Zergling x14, Roach  
  154  7:44  Baneling x2  
  154  7:45  Baneling x13  
  153  7:52  Zergling x6, Roach  
  153  7:58  Zergling x2, Roach  
  158  8:05  Drone x10  
  164  8:22  Zergling x8, Roach  
  164  8:26  Zergling x6, Roach  

Tags
 
Add a new tag
Caveats
  • Supply blocks, unpowered buildings, or Contaminate may cause inaccurate times.
  • Supply counts are checked every 10 seconds.